 Dungeon Crawl Stone Soup version 0.25-a0-24-g72dcfe0359 (webtiles) character file.

Game seed: 10597528157676425728, levelgen mode: deterministic

44 LabCoat the Skirmisher (level 3, -5/49 HPs)
             Began as a Hill Orc Fighter on Oct 17, 2019.
             Slain by a gnoll
             ... wielding a +0 spear
              (7 damage)
             ... on level 2 of the Dungeon.
             The game lasted 00:03:02 (951 turns).

LabCoat the Skirmisher (Hill Orc Fighter)            Turns: 951, Time: 00:03:04

Health: -5/49      AC:  7    Str: 24    XL:     3   Next: 60%
Magic:  3/3        EV:  7    Int:  8    God:
Gold:   134        SH:  9    Dex: 10    Spells: 2/2 levels left

rFire    . . .     SeeInvis .   a - +0 war axe
rCold    . . .     Gourm    .   c - +0 shield
rNeg     . . .     Faith    .   b - +0 scale mail
rPois    .         Spirit   .   (no helmet)
rElec    .         Reflect  .   (no cloak)
rCorr    .         Harm     .   (no gloves)
MR       .....                  (no boots)
Stlth    ..........             (no amulet)
HPRegen  0.16/turn              (no ring)
MPRegen  0.08/turn              (no ring)

@: berserking (expiring), lethally poisoned (-5 -> -11), very quick
A: no striking features
a: no special abilities


You were on level 2 of the Dungeon.
You were not hungry.

You visited 1 branch of the dungeon, and saw 2 of its levels.

You collected 134 gold pieces.

Inventory:

Hand Weapons
 a - a +0 war axe (weapon)
Armour
 b - a +0 scale mail (worn)
 c - a +0 shield (worn)
Scrolls
 e - a scroll of remove curse
 k - a scroll of fog {unknown}
Potions
 d - a potion of might
 j - a potion of resistance {unknown}
Comestibles
 f - 3 rations
 g - 6 chunks of flesh


   Skills:
 + Level 3.9 Fighting
 * Level 3.8 Axes
 + Level 3.7 Armour
 + Level 3.7 Shields


You had 2 spell levels left.
You didn't know any spells.
Your spell library was empty.

Dungeon Overview and Level Annotations

Branches:
Dungeon (2/15)

Altars:


Message History

The scorpion is moderately wounded.
The scorpion closely misses you. You block the gnoll's attack.
The gnoll closely misses you.
You hit the scorpion.
The scorpion is heavily wounded.
The scorpion stings you.
* * * LOW HITPOINT WARNING * * *
You are lethally poisoned!
The scorpion poisons you!
The gnoll hits you from afar with a +0 spear.
* * * LOW HITPOINT WARNING * * *
You block the gnoll's attack.
You slash the scorpion!
The scorpion is almost dead.
* * * LOW HITPOINT WARNING * * *
You feel sick. The scorpion stings you.
* * * LOW HITPOINT WARNING * * *
The gnoll barely misses you.
The gnoll hits you from afar with a +0 spear!
You die...

#.######(#.#####....#
#.##...#.#.# #....+
#.####>#.#.#####÷...#
###.# #.#.#.....÷..#^#
#...####.#.########.#
#.#......# #.###.# #
#.#.######+####.....#.#
###.# #.......#####.#
..#.# #....##.@sgg..#
....# #... ####g.###
#.### ##
.............w.. #.#
...[###..####### #.# ..
#.!# ..# ...# #.# ..#.#
######## .....
####...#### >.....


You could see a scorpion and 3 gnolls.

Vanquished Creatures
  A gnoll (D:2)
  A dart slug (D:1)
  3 leopard geckos (D:1)
  A giant cockroach (D:1)
  11 goblins (D:1)
  3 hobgoblins
  A bat (D:2)
  3 frilled lizards (D:1)
  A kobold (D:1)
  3 rats
28 creatures vanquished.

Notes
Turn   | Place    | Note
-------+----------+-------------------------------------------
     0 | D:1      | LabCoat the Hill Orc Fighter began the quest for the Orb.
     0 | D:1      | Reached XP level 1. HP: 19/19 MP: 1/1
    81 | D:1      | Reached XP level 2. HP: 27/27 MP: 2/2
   358 | D:1      | Reached XP level 3. HP: 33/33 MP: 3/3
   936 | D:2      | Noticed a scorpion
   951 | D:2      | HP: 2/49 [scorpion (2)]
   951 | D:2      | Slain by a gnoll

Levels and vault maps discovered:
D:1:      scummos_arrival_checkerplants, layout_basic,
          wander_ebering_terrifying_dragon_lair
D:2:      minmay_spotlight, layout_basic, overflow_temple_1_default,
          first_ration

Skill      XL: |  1  2 |
---------------+-------+-----
Axes           | 3 |  3.8
Fighting       | |  3.9
Armour         | |  3.7
Shields        | |  3.7

Action                   || total
-------------------------++-------
Melee: War axe           ||    66
Throw: Throwing net      ||     1
  Use: Scroll            ||     2
       Potion            ||     1
Armor: Scale mail        ||    25
Dodge: Dodged            ||    31
Block: Shield            ||    42

Table legend:
 A = Non-vault XP
 B = Vault XP
 C = Vault XP percentage of total XP
 D = Non-vault monster count
 E = Vault monster count
 F = Vault count percentage of total count
                 A         B        C        D         E       F
            +---------+---------+-------+---------+---------+-------
      Total |      60 |       3 |   4.8 |      27 |       1 |   3.6
            +---------+---------+-------+---------+---------+-------
        D:1 |      41 |       3 |   6.8 |      23 |       1 |   4.2
        D:2 |      19 |       0 |   0.0 |       4 |       0 |   0.0
            +---------+---------+-------+---------+---------+-------
